 Dungeon Crawl Stone Soup version 0.30-a0-586-g23e55c9e0a (webtiles) character file.

Game seed: 18444340505131158659

256 PyroL the Ducker (level 5, 0/25 HPs)
             Began as a Spriggan Hunter on Jan 4, 2023.
             Killed by divine providence
             ... invoked by an orc priest
              (12 damage)
             ... on level 3 of the Dungeon.
             The game lasted 00:04:51 (1974 turns).

PyroL the Ducker (Spriggan Hunter)                  Turns: 1974, Time: 00:04:52

Health: 0/25       AC:  2    Str:  7    XL:     5   Next: 92%
Magic:  6/6        EV: 21    Int: 10    God:
Gold:   150        SH:  0    Dex: 21    Spells: 4/4 levels left

rFire   . . .      SeeInvis +    a - +0 shortbow
rCold   . . .      Faith    .    (shield currently unavailable)
rNeg    . . .      Spirit   .    c - +0 robe
rPois   .          Reflect  .    (helmet restricted)
rElec   .          Harm     .    (no cloak)
rCorr   .          Rampage  .    (gloves unavailable)
Will    .....                    (boots unavailable)
Stlth   +++                      (no amulet)
HPRegen 0.24/turn                (no ring)
MPRegen 0.10/turn                (no ring)

@: very quick
A: very small, no large weapons, unfitting armour, see invisible, speed 3
a: no special abilities


You were on level 3 of the Dungeon.
You visited 1 branch of the dungeon, and saw 3 of its levels.

You collected 150 gold pieces.

Inventory:

Hand Weapons
 a - a +0 shortbow (weapon)
Armour
 c - a +0 robe (worn)
Jewellery
 o - a ring of ice
Scrolls
 b - a scroll of immolation
 d - a scroll of fear
 g - a scroll of vulnerability
 h - 2 scrolls of enchant weapon {unknown}
 j - 3 scrolls of identify {unknown}
 k - a scroll of blinking {unknown}
 l - a scroll of teleportation {unknown}
 n - a scroll of poison {unknown}
Potions
 e - a potion of might {unknown}
 f - a potion of haste {unknown}
 i - a potion of lignification {unknown}
 m - 2 potions of degeneration {unknown}


   Skills:
 - Level 1.5 Fighting
 + Level 5.4 Ranged Weapons
 + Level 5.5 Dodging
 - Level 4.5 Stealth


You had 4 spell levels left.
You didn't know any spells.
Your spell library contained the following spells:

 Spells                   Type           Power      Damage    Failure   Level
 Summon Guardian Golem    Hex/Summ       0%         N/A       75%         3
 Orb of Destruction       Conj           0%         9d5       100%        7
 Spellforged Servitor     Conj/Summ      0%         N/A       100%        7


Dungeon Overview and Level Annotations

Branches:
Dungeon (3/15)

Altars:


Innate Abilities, Weirdness & Mutations

You are very small and have problems with some larger weapons.
You are too small for most types of armour.
You have supernaturally acute eyesight. (SInv)
You cover ground extremely quickly. (Speed+++)


Message History

The arrow hits the orc priest but does no damage.
You shoot an arrow.
The arrow hits the orc priest but does no damage.
You shoot an arrow.
The arrow hits the orc priest but does no damage.
You shoot an arrow.
The arrow hits the orc priest but does no damage.
Items here: ( ) [ ÷.
Things that are here:
a +0 mace; a bat skeleton You see here a +0 whip.
You shoot an arrow. The arrow hits the orc priest!
The orc priest is heavily wounded.
You shoot an arrow. The arrow barely misses the orc priest.
You shoot an arrow.
The arrow completely misses the orc priest.
The orc priest casts a cantrip, but nothing happens.
You shoot an arrow.
The arrow hits the orc priest but does no damage.
The orc priest is heavily wounded.
You shoot an arrow.
The arrow closely misses the orc priest.
The orc priest calls down the wrath of Beogh upon you.
You resist with significant effort.
You shoot an arrow. The arrow hits the orc priest.
The orc priest is almost dead.
You shoot an arrow. The arrow hits the orc priest.
The orc priest is almost dead.
You shoot an arrow. The arrow barely misses the orc priest.
The orc priest hits you with a +0 dagger.
An orc priest is nearby!
You shoot an arrow.
The arrow hits the orc priest but does no damage.
The orc priest is almost dead.
The orc priest invokes the aid of Beogh against you.
Pain shoots through your body!
* * * LOW HITPOINT WARNING * * *
The orc priest invokes the aid of Beogh against you.
Beogh smites you!
You die...

#####..###.##)# #.#
#.........
#..........##.# #.#
#.........
..............# ##.#
#.........
#.#####.####..##
#..# #.........
..#.....# #..†# #.##
#......... ###.#####
##..# #.# #...##.#..
###.#########..###o#
#.... .#..
...............##.[#
###...........)>@.##
#################


You could see an orc priest.

Vanquished Creatures
  A hound (D:3)
  4 orc wizards (D:3)
  3 adders (D:2)
  2 worms
  3 dart slugs
  16 orcs (D:3)
  5 ball pythons
  6 endoplasms
  3 giant cockroaches
  2 hobgoblins (D:1)
  3 jackals (D:3)
  4 kobolds
  4 quokkas (D:1)
  9 bats
  8 frilled lizards
  5 rats
78 creatures vanquished.

Notes
Turn   | Place    | Note
-------+----------+-------------------------------------------
     0 | D:1      | PyroL the Spriggan Hunter began the quest for the Orb.
     0 | D:1      | Reached XP level 1. HP: 10/10 MP: 2/2
   203 | D:1      | Reached XP level 2. HP: 14/14 MP: 3/3
   508 | D:1      | Noticed a floating eye
   518 | D:1      | Found a faded altar of an unknown god.
   522 | D:1      | Noticed an eye of devastation
   530 | D:1      | Noticed a great orb of eyes
   533 | D:1      | Noticed a floating eye
   616 | D:1      | Reached XP level 3. HP: 18/18 MP: 4/4
   966 | D:2      | Reached XP level 4. HP: 22/22 MP: 5/5
  1432 | D:3      | Reached XP level 5. HP: 25/25 MP: 6/6
  1552 | D:3      | Reached skill level 5 in Ranged Weapons
  1632 | D:3      | Reached skill level 5 in Dodging
  1974 | D:3      | Killed from afar by an orc priest

Illustrated notes

Levels and vault maps discovered:
D:1:      spicycebolla_arrival_clurvy, layout_loops_corners,
          hellmonk_ecumenical_altar_watching_god
D:2:      layout_rooms
D:3:      layout_basic

Skill      XL: |  1  2  3  4  5 |
---------------+----------------+-----
Stealth        | 2 3 4 |  4.5
Dodging        | 3 4 5 |  5.5
Ranged Weapons | 5 |  5.4
Fighting       | |  1.5

Action                   |  1- 3 |  4- 6 || total
-------------------------+-------+-------++-------
Melee: Shortbow          |       |     1 ||     1
 Fire: Shortbow          |    96 |   143 ||   239
  Use: Scroll            |       |     2 ||     2
Armor: Robe              |     4 |     4 ||     8
Dodge: Dodged            |    43 |    59 ||   102

Table legend: (Time is in decaauts)
 A = Elapsed time spent in this place.
 B = Non-inter-level travel time spent in this place.
 C = Inter-level travel time spent in this place.
 D = Time resting spent in this place.
 E = Time spent auto-exploring this place.
 F = Levels seen in this place.
 G = Mean time per level.
                   A        B        C        D        E       F      G
               +--------+--------+--------+--------+--------+-----+--------+
         Total |   1452 |   1405 |     47 |     96 |    852 |   3 |  484.0 |
       Dungeon |   1452 |   1405 |     47 |     96 |    852 |   3 |  484.0 |
               +--------+--------+--------+--------+--------+-----+--------+

Top non-repeatable levels by time:
     D:3: 579 daAuts
     D:1: 545 daAuts
     D:2: 328 daAuts
